 Dungeon Crawl Stone Soup version 0.23-a0-169-gb21e695 (webtiles) character file.

180 Sonja the Chopper (level 5, 0/39 HPs)
             Began as a Demonspawn Gladiator on Sept 11, 2018.
             Was an Initiate of Nemelex Xobeh.
             Slain by Sigmund
             ... wielding a +0 scythe
              (5 damage)
             ... on level 3 of the Dungeon.
             The game lasted 00:03:04 (3330 turns).

Sonja the Chopper (Demonspawn Gladiator)            Turns: 3330, Time: 00:03:04

Health: 0/39       AC:  9    Str: 14    XL:     5   Next: 33%
Magic:  0/5        EV:  9    Int:  9    God:    Nemelex Xobeh [......]
Gold:   149        SH:  0    Dex: 16    Spells: 4/4 levels left

rFire    . . .     SeeInvis .   a - +0 war axe
rCold    + . .     Gourm    .   (no shield)
rNeg     . . .     Faith    .   r - +0 chain mail
rPois    .         Spirit   +   c - +0 helmet
rElec    .         Reflect  +   (no cloak)
rCorr    +         Harm     .   (no gloves)
MR       .....                  (no boots)
Stlth    ..........             m - +5 amulet of reflection
HPRegen  0.13/turn              k - ring of resist corrosion
MPRegen  0.09/turn              (no ring)

@: confused
A: repulsion field 1, cold resistance 1, magic shield
a: Renounce Religion


You were on level 3 of the Dungeon.
You worshipped Nemelex Xobeh.
Nemelex Xobeh was noncommittal.
You were not hungry.

You visited 1 branch of the dungeon, and saw 3 of its levels.

You collected 149 gold pieces.

Inventory:

Hand Weapons
 a - a +0 war axe (weapon)
Missiles
 d - a throwing net (quivered)
Armour
 b - a +0 leather armour
 c - a +0 helmet (worn)
 r - a +0 chain mail (worn)
 t - a +2 pair of boots
Jewellery
 k - a ring of resist corrosion (left hand)
 m - a +5 amulet of reflection (around neck)
Scrolls
 j - 3 scrolls of magic mapping {unknown}
 l - a scroll of remove curse {unknown}
 o - a scroll of fog {unknown}
 p - a scroll of identify {unknown}
 q - a scroll of enchant weapon {unknown}
Potions
 e - 2 potions of curing
 g - a potion of heal wounds
 h - a potion of lignification
 i - 2 potions of haste
 n - a potion of brilliance
Comestibles
 f - 8 rations
 s - 2 chunks of flesh


   Skills:
 + Level 2.4 Fighting
 * Level 4.6 Axes
 - Level 1.7 Throwing
 * Level 1.1 Armour
 + Level 3.1 Dodging
 * Level 0.8 Stealth
 * Level 1.2 Invocations


You had 4 spell levels left.
You didn't know any spells.
Your spell library was empty.

Dungeon Overview and Level Annotations

Branches:
Dungeon (3/15)

Altars:
Nemelex Xobeh
Vehumet
Xom
Yredelemnul

Annotations:
D:3 Sigmund


Innate Abilities, Weirdness & Mutations

You are surrounded by a mild repulsion field. (EV +2)
Your flesh is cold resistant. (rC+)
When hurt, damage is shared between your health and your magic reserves.


Message History

Sigmund flickers and vanishes!
Deactivating autopickup; reactivate with Ctrl-A.
You hear some strange, mumbled words.
Something tries to affect you, but you resist.
You aren't carrying any items that you can evoke.
You aren't carrying any items that you can evoke.
Something hits you.
You hear some strange, mumbled words.
Something tries to affect you, but you resist.
You hear some strange, mumbled words.
You are confused.
You hear some strange, mumbled words.
Something tries to affect you, but you resist.
You bump into the rock wall.
Something hits you.
* * * LOW HITPOINT WARNING * * *
You bump into the rock wall.
Something hits you.
* * * LOW HITPOINT WARNING * * *
You bump into the rock wall.
Something hits you.
You die...
Your body disappears without a glow.

....###.)##.###.# #.#
....###..##.###.######.#
...............>.....#.#
....###.#.####..####.#.#
###.#.#.#.# #..####.#.#
........#.# #.......#.#
........#.####.#######.#
#.###.#.#.#....#######.#
#.# #.#.#.......@.{....#
#+###.#.##.....#########
+_+...# #.....# ###
#.#+##.....# ###
#...)......#
#####...)....#.# ###
....}).......#.#######.#
.##.##.......#.#.......#
.##.######.....#....<#.###


There were no monsters in sight!

Vanquished Creatures
  8 adders
  4 gnolls (D:3)
  An ooze (D:3)
  A worm (D:3)
  2 dart slugs
  2 leopard geckos (D:1)
  3 orcs (D:3)
  A ball python (D:1)
  5 bats
  9 goblins
  5 hobgoblins
  11 kobolds
  3 frilled lizards
  8 rats
63 creatures vanquished.

Notes
Turn   | Place    | Note
-------+----------+-------------------------------------------
     0 | D:1      | Sonja the Demonspawn Gladiator began the quest for the Orb.
     0 | D:1      | Reached XP level 1. HP: 16/16 MP: 1/1
   362 | D:1      | Reached skill level 3 in Axes
   362 | D:1      | Gained mutation: When hurt, damage is shared between your
                  | health and your magic reserves. [demonic ancestry]
   362 | D:1      | Reached XP level 2. HP: 17/22 MP: 2/2
  1044 | D:1      | Reached XP level 3. HP: 19/27 MP: 3/3
  1561 | D:2      | HP: 1/27 [adder (1)]
  1789 | D:2      | Found a sparkling altar of Nemelex Xobeh.
  2048 | D:2      | Found a shimmering altar of Xom.
  2120 | D:2      | Found a radiant altar of Vehumet.
  2148 | D:2      | Gained mutation: Your flesh is cold resistant. (rC+)
                  | [demonic ancestry]
  2148 | D:2      | Reached XP level 4. HP: 33/33 MP: 4/4
  2339 | D:2      | Reached skill level 4 in Axes
  2579 | D:2      | Became a worshipper of Nemelex Xobeh the Trickster
  2606 | D:3      | Found a basalt altar of Yredelemnul.
  2612 | D:3      | Received a gift from Nemelex Xobeh
  2861 | D:3      | Reached skill level 1 in Armour
  2951 | D:3      | Reached skill level 1 in Invocations
  2977 | D:3      | Gained mutation: You are surrounded by a mild repulsion
                  | field. (EV +2) [demonic ancestry]
  2977 | D:3      | Reached XP level 5. HP: 38/39 MP: 5/5
  3315 | D:3      | Noticed Sigmund
  3330 | D:3      | Slain by Sigmund

Vault maps used:
D:1:      dpeg_arrival_water_fire
D:2:      lemuel_coloured_pillars_altar, vehumet_crystals,
          nemelex_xobeh_ov_fountains_minmay
D:3:      lemuel_doored_altar, first_ration, kennysheep_generic_room_10,
          uniq_crazy_yiuf_cottage, uniq_sigmund

Skill      XL: |  1  2  3  4 |
---------------+-------------+-----
Axes           | 3 4 |  4.6
Dodging        | 3 |  3.1
Armour         | 1 |  1.1
Invocations    | 1 |  1.2
Fighting       | |  2.4
Throwing       | |  1.7
Stealth        | |  0.8

Action                   |  1- 3 |  4- 6 || total
-------------------------+-------+-------++-------
Melee: War axe           |   108 |    79 ||   187
Throw: Throwing net      |       |     4 ||     4
  Use: Potion            |     1 |     4 ||     5
 Stab: Sleeping          |     1 |       ||     1
  Eat: Chunk             |     3 |     5 ||     8
Armor: Leather armour    |    37 |     2 ||    39
       Chain mail        |       |    43 ||    43
       Skin              |       |    11 ||    11
Dodge: Dodged            |    95 |    31 ||   126
Block: Other             |       |    13 ||    13

Table legend:
 A = Non-vault XP
 B = Vault XP
 C = Vault XP percentage of total XP
 D = Non-vault monster count
 E = Vault monster count
 F = Vault count percentage of total count
                 A         B        C        D         E       F
            +---------+---------+-------+---------+---------+-------
      Total |     258 |       0 |   0.0 |      63 |       0 |   0.0
            +---------+---------+-------+---------+---------+-------
        D:1 |      45 |       0 |   0.0 |      27 |       0 |   0.0
        D:2 |      68 |       0 |   0.0 |      13 |       0 |   0.0
        D:3 |     145 |       0 |   0.0 |      23 |       0 |   0.0
            +---------+---------+-------+---------+---------+-------
